 Dungeon Crawl Stone Soup version 0.31-a0-217-g58bb5d79cf (webtiles) character file.

Game seed: 17316904945393855312

198 12572944 the Chopper (level 5, -7/47 HPs)
             Began as a Minotaur Fighter on July 2, 2023.
             Mangled by a gnoll
             ... wielding a +0 halberd
              (8 damage)
             ... on level 3 of the Dungeon.
             The game lasted 00:05:39 (2416 turns).

12572944 the Chopper (Minotaur Fighter)             Turns: 2416, Time: 00:05:40

Health: -7/47      AC:  9    Str: 22    XL:     5   Next: 47%
Magic:  4/4        EV:  8    Int:  5    God:
Gold:   192        SH:  4    Dex: 10    Spells: 4/4 levels left

rFire   . . .        a - +0 war axe
rCold   . . .        c - +0 buckler
rNeg    . . .        j - +0 chain mail
rPois   .            (helmet restricted)
rElec   .            (no cloak)
rCorr   .            (no gloves)
SInv    .            (no boots)
Will    .....        m - amulet of the acrobat Stlth
                     (no ring)
HPRegen 0.27/turn    (no ring)
MPRegen 0.09/turn

%: acrobat
@: mighty
A: horns 2, retaliatory headbutt
a: no special abilities


You were on level 3 of the Dungeon.
You visited 1 branch of the dungeon, and saw 3 of its levels.

You collected 192 gold pieces.

Inventory:

Hand Weapons
 a - a +0 war axe (weapon)
Missiles
 e - 35 stones
 h - 2 atropa-tipped darts
Armour
 b - a +0 scale mail
 c - a +0 buckler (worn)
 j - a +0 chain mail (worn)
Jewellery
 m - an amulet of the acrobat (around neck)
Wands
 l - a wand of iceblast (11)
 s - a wand of flame (10)
Scrolls
 f - a scroll of vulnerability {unknown}
 g - 2 scrolls of identify {unknown}
 k - 2 scrolls of fear {unknown}
 n - a scroll of blinking {unknown}
 p - a scroll of teleportation {unknown}
 t - a scroll of torment {unknown}
 u - a scroll of noise {unknown}
Potions
 i - a potion of curing {unknown}
 o - a potion of lignification {unknown}
 q - a potion of heal wounds {unknown}
 r - a potion of resistance {unknown}


   Skills:
 + Level 4.6 Fighting
 * Level 4.8 Axes
 + Level 4.6 Armour
 + Level 4.6 Shields


You had 4 spell levels left.
You didn't know any spells.
Your spell library contained the following spells:

 Spells                   Type           Power      Damage    Failure   Level
 Freeze                   Ice            0%         1d3       99%         1
 Frozen Ramparts          Ice            0%         1d1       100%        3
 Hailstorm                Conj/Ice       0%         3d3       100%        3


Dungeon Overview and Level Annotations

Branches:
Dungeon (3/15)

Altars:

Shops:
D:2 ([*?

Annotations:
D:3 Jessica


Innate Abilities, Weirdness & Mutations

You have a pair of horns on your head.
You reflexively headbutt those who attack you in melee.


Message History

You barely miss the gnoll. You hit the gnoll but do no damage.
The adder misses you. The adder bites you but does no damage.
Jessica mumbles some strange words.
Jessica blinks!
You block the gnoll's attack. The gnoll hits you with a +0 club.
The gnoll barely misses you. The gnoll hits you with a +0 whip.
You slash the adder!
You kill the adder!
You hit the gnoll. You closely miss the gnoll.
The gnoll hits you from afar with a +0 spear.
The gnoll hits you but does no damage.
The gnoll hits you from afar with a +0 halberd!
The gnoll hits you with a +0 whip.
You are too injured to fight recklessly!
You are too injured to fight recklessly!
You hit the gnoll but do no damage.
The gnoll is severely wounded.
You hit the gnoll. The gnoll hits you but does no damage.
The gnoll hits you with a +0 club.
* * * LOW HITPOINT WARNING * * *
The gnoll barely misses you. The gnoll hits you but does no damage.
Jessica gestures at you while chanting.
You barely resist.
The gnoll hits you from afar with a +0 halberd!
* * * LOW HITPOINT WARNING * * *
The gnoll completely misses you. You furiously retaliate!
You headbutt the gnoll!
You kill the gnoll!
The gnoll hits you but does no damage. The gnoll hits you with a +0 club.
* * * LOW HITPOINT WARNING * * *
You slash Jessica!
Jessica is severely wounded.
You hit the gnoll.
Jessica zaps a wand.
You block the puff of flame. The gnoll hits you but does no damage.
The gnoll hits you with a +0 club.
* * * LOW HITPOINT WARNING * * *
The gnoll barely misses you.
You feel very mighty all of a sudden. You block Jessica's attack.
The gnoll hits you but does no damage. x2
The gnoll hits you from afar with a +0 halberd!
You die...

#........ #.........#
#........ #.........#
#........ #.......$.#
#.)...... #.......>.#
#........ ##.......##
#......## #...g.g...#
##....#### #...†)g.$.#
#.....# ## #...@@....#
#.....# #. #.........#
#.#.### #. #.........#
#.#.#####.
##)......####.#.......
#..>...## #..#..#####
#.#####
#.#.#######.##..#####
#......####.#.#
#........##..
#........#
###.#..........
#........#
#.....#####....


You could see 3 gnolls and Jessica.

Vanquished Creatures
  Terence (D:2)
  Robin (D:3)
  4 adders
  5 gnolls (D:3)
  2 worms (D:2)
  2 dart slugs
  An orc (D:3)
  2 ball pythons
  4 bats
  4 endoplasms
  11 goblins
  10 hobgoblins
  4 jackals (D:2)
  A quokka (D:1)
  4 frilled lizards
  7 kobolds
  3 rats
66 creatures vanquished.

Notes
Turn   | Place    | Note
-------+----------+-------------------------------------------
     0 | D:1      | 12572944 the Minotaur Fighter began the quest for the Orb.
     0 | D:1      | Reached XP level 1. HP: 19/19 MP: 0/0
   178 | D:1      | Reached XP level 2. HP: 24/27 MP: 1/1
   875 | D:1      | Found a faded altar of an unknown god.
   989 | D:2      | Reached XP level 3. HP: 32/33 MP: 2/2
  1056 | D:2      | Found Worpheodu's Armour Boutique.
  1332 | D:2      | Noticed Terence
  1341 | D:2      | Killed Terence
  1342 | D:2      | Reached XP level 4. HP: 31/40 MP: 3/3
  1383 | D:2      | Found Kongofae's Weapon Shop.
  1514 | D:2      | Found Tyiski Ryth's Magic Scroll Emporium.
  1589 | D:2      | Found Womiq's Assorted Antiques.
  1974 | D:3      | Reached XP level 5. HP: 23/47 MP: 4/4
  2165 | D:3      | Noticed Robin
  2183 | D:3      | Killed Robin
  2407 | D:3      | Noticed Jessica
  2415 | D:3      | HP: 1/47 [gnoll/+0 club (3)]
  2416 | D:3      | Mangled by a gnoll

Illustrated notes

Levels and vault maps discovered:
D:1:      dpeg_arrival_boxes_within_box, layout_basic, serial_glass,
          glass_columns_a, glass_columns_a, chequers_ecumenical_altar_lobes
D:2:      layout_loops_corners, serial_shops,
          nicolae_shop_pleasant_corner_grove, shop,
          nicolae_shop_real_fake_doors, nicolae_lakefront_shop, st_stairs_8,
          minivault_23, grunt_ministairs_12, uniq_terence
D:3:      layout_rooms, serial_shops, nicolae_book_shop_shelving,
          nicolae_elevator_lobby_asterisk, uniq_jessica, uniq_robin

Skill      XL: |  1  2  3  4 |
---------------+-------------+-----
Axes           | 3 4 |  4.8
Armour         | 4 |  4.6
Shields        | 4 |  4.6
Fighting       | 4 |  4.6

Action                     |  1- 3 |  4- 6 || total
---------------------------+-------+-------++-------
  Melee: War axe           |    82 |    60 ||   142
         Headbutt          |    12 |     9 ||    21
    Use: Potion            |       |     1 ||     1
 Armour: Scale mail        |    23 |       ||    23
         Chain mail        |    17 |    36 ||    53
  Dodge: Dodged            |    38 |    38 ||    76
  Block: Buckler           |    16 |    12 ||    28

Table legend: (Time is in decaauts)
 A = Elapsed time spent in this place.
 B = Non-inter-level travel time spent in this place.
 C = Inter-level travel time spent in this place.
 D = Time resting spent in this place.
 E = Time spent auto-exploring this place.
 F = Levels seen in this place.
 G = Mean time per level.
                   A        B        C        D        E       F      G
               +--------+--------+--------+--------+--------+-----+--------+
         Total |   2465 |   2375 |     90 |      0 |   1991 |   3 |  821.7 |
       Dungeon |   2465 |   2375 |     90 |      0 |   1991 |   3 |  821.7 |
               +--------+--------+--------+--------+--------+-----+--------+

Top non-repeatable levels by time:
     D:1: 1004 daAuts
     D:2: 921 daAuts
     D:3: 539 daAuts
